Cogmind - Beta 15 @@@ ROGUE MODE // 2025.05.26 @ 00:29:15 Player: SunShine214 Result: Destroyed by Light Fission Core chain reaction Performance ------------- Evolutions (1) 500 Regions Visited (5) 1000 Robots Destroyed (60) 300 Value Destroyed (1302) 1302 Prototype IDs (5) 100 Alien Tech Used (0) 0 Bonus (0) 0 TOTAL SCORE: 3202 Bonus ------- None Cogmind --------- Core Integrity 0/400 Matter 299/300 Energy 125/280 System Corruption 2% Temperature Cool (2) Movement Walking (125) Location -9/Exiles Parts ------- > --- POWER (1) -------- Heavy Ion Engine > --- PROPULSION (2) --- Aluminum Leg Improved Titanium Leg > --- UTILITY (4) ------ Medium Storage Unit Signal Interpreter > --- WEAPON (2) ------- Small Laser Rocket Launcher > --- INVENTORY (10) --- Improved Ion Engine Heavy Ion Engine Flight Unit Cooling System Microactuators Arc Projector Beamcaster Heavy Ion Cannon Remote Datajack Great Axe Peak State ------------ > --- POWER ------------ Heavy Ion Engine > --- PROPULSION ------- Light Treads Improved Titanium Leg > --- UTILITY ---------- Medium Storage Unit Signal Interpreter Medium Armor Plating Improved Shield Generator > --- WEAPON ----------- Arc Projector Heavy Ion Cannon > --- INVENTORY -------- Improved Ion Engine Heavy Ion Engine Flight Unit Cooling System Small Laser Improved Medium Laser Light Assault Rifle Rocket Launcher Heavy Hammer Great Axe [Rating: 26] Favorites ----------- Power Ion Engine Engine Ion Engine Power Core Light Nuclear Core Propulsion Compact Wheel Treads Light Treads Leg Improved Aluminum Leg Wheel Compact Wheel Flight Unit Flight Unit Utility Signal Interpreter Device Terrain Scanner Storage Medium Storage Unit Processor Signal Interpreter Protection Medium Armor Plating Weapon Assault Rifle Energy Gun Small Laser Energy Cannon Heavy Ion Cannon Ballistic Gun Assault Rifle Launcher Rocket Launcher Slashing Weapon Katana Build | -11 -10 -10 -9 -9 -9 ------- Run | Yrd Mat Min Mat Min Exi Slots Evolved 2 | . . . 2 . . Power . | . . . . . . Propulsion . | . . . . . . Utility 2 | . . . 2 . . Weapon . | . . . . . . Parts Attached 52 | 6 9 2 25 10 . Power 8 | 1 2 . 5 . . Engine 7 | 1 1 . 5 . . Core 1 | . 1 . . . . Reactor . | . . . . . . Propulsion 15 | 2 1 1 6 5 . Treads 1 | . . . . 1 . Leg 5 | . . . 3 2 . Wheel 7 | 2 1 1 3 . . Hover . | . . . . . . Flight 2 | . . . . 2 . Utility 11 | 1 3 . 6 1 . Device 4 | . 1 . 2 1 . Storage 2 | 1 1 . . . . Processor 2 | . 1 . 1 . . Hackware . | . . . . . . Protection 3 | . . . 3 . . Artifact . | . . . . . . Weapon 18 | 2 3 1 8 4 . Energy Gun 8 | . 1 . 5 2 . Energy Cannon 1 | . . . . 1 . Ballistic Gun 7 | 2 2 1 2 . . Ballistic Cannon . | . . . . . . Launcher 1 | . . . . 1 . Special Weapon . | . . . . . . Impact Weapon . | . . . . . . Slashing Weapon 1 | . . . 1 . . Piercing Weapon . | . . . . . . Special Melee Weapon . | . . . . . . Unidentified Prototypes 2 | . . . 2 . . Parts Lost 22 | . 1 3 16 . 2 Power 3 | . 1 . 2 . . Propulsion 7 | . . 2 5 . . Utility 6 | . . . 4 . 2 Weapon 6 | . . 1 5 . . Highest Loss Streak 6 | . 1 2 6 . 2 To Critical Strikes 1 | . . . 1 . . Average Backups 8 | 5 8 9 8 9 10 Power 1 | . . 1 1 2 2 Propulsion 2 | 3 3 3 1 . 1 Utility 1 | . 1 3 1 2 2 Weapon 2 | . 2 2 3 4 4 Tool/Special . | . . . . . . Unused Backups 15 | . 5 . 2 2 6 Power 2 | . . . 1 . 1 Propulsion 5 | . 5 . . . . Utility 3 | . . . . 1 2 Weapon 4 | . . . 1 1 2 Tool/Special 1 | . . . . . 1 Average Slot Usage (%) 91 | . 98 93 83 98 99 Engine 11 | . 11 14 10 11 11 Leg 3 | . . . 3 13 22 Wheel 14 | . 28 22 8 . . Device 6 | . 3 . 9 8 10 Storage 12 | . 14 14 11 11 11 Processor 14 | . 9 14 17 13 11 Protection 2 | . . . 2 11 11 Energy Gun 6 | . 2 2 10 10 11 Ballistic Gun 15 | . 25 25 7 3 . Launcher 1 | . . . . 5 11 Slashing Weapon 1 | . . . 3 . . Peak Build Rating 26 | 6 10 9 17 26 22 Average Rating 11 | 5 8 8 12 20 21 On Entrance 10 | . 6 9 8 15 22 Naked Turns . | . . . . . . Heaviest Build 41 | 14 18 18 29 41 34 Greatest Support 32 | 32 32 28 26 30 30 Greatest Overweight (x) 9 | . . 1 9 3 1 Average Overweight (x) . | . . . 1 1 . Largest Inventory Capacity 10 | 8 10 10 10 10 10 Average Capacity 9 | 7 8 10 10 10 10 Most Carried 10 | 6 10 10 10 10 10 Average Carried 8 | 5 8 9 8 9 10 Final Capacity 10 | 8 10 10 10 10 10 Final Carried 10 | 6 10 10 10 10 10 Class Distribution -------------------- 84% | Mutant 15% | Scavenger-Mutant Dominant Class ---------------- Mutant | -10/Materials Mutant | -10/Mines Mutant | -9/Materials Mutant | -9/Mines Mutant | -9/Exiles Resources | -11 -10 -10 -9 -9 -9 ----------- Run | Yrd Mat Min Mat Min Exi Matter Collected 1118 | 193 303 168 316 138 . Remotely . | . . . . . . Salvage Created 1860 | . 251 345 1160 104 . Parts 122 | . 22 18 73 9 . Haulers Intercepted 4 | . 1 . 3 . . Recyclers Shooed 1 | . . 1 . . . Parts Field Recycled . | . . . . . . Retrieved Matter . | . . . . . . Parts Self-Destructed . | . . . . . . Prevented . | . . . . . . Kills | -11 -10 -10 -9 -9 -9 ------- Run | Yrd Mat Min Mat Min Exi Combat Hostiles Destroyed 48 | . 9 9 26 4 . Melee 6 | . . . 6 . . Guns 37 | . 9 9 17 2 . Cannons 2 | . . . . 2 . AOE 2 | . . . 2 . . Classes Destroyed 9 | . 4 . 5 . . Worker 3 | . . . 3 . . Builder 1 | . . . 1 . . Hauler 4 | . 1 . 3 . . Recycler 1 | . . . 1 . . Watcher 3 | . 1 . 2 . . Swarmer 22 | . 6 3 11 2 . Grunt 22 | . 3 6 11 2 . Duelist 1 | . . . 1 . . Sentry 3 | . . . 3 . . Best Kill Streak 6 | . 4 5 6 2 . Combat Bots Only 5 | . 4 5 4 2 . Max Kills in Single Turn 2 | . 1 1 2 1 . Gunslinging . | . . . . . . Exploded 1 | . . . 1 . . Melee 1 | . . . 1 . . Uniques/NPCs Destroyed . | . . . . . . Combat | -11 -10 -10 -9 -9 -9 -------- Run | Yrd Mat Min Mat Min Exi Hostile Shots Fired 332 | . 38 53 192 20 29 Missed 95 | . 11 14 52 7 11 Hits 237 | . 27 39 140 13 18 Melee 5 | . . . 2 . 3 Projectile 232 | . 27 39 138 13 15 Critical Strikes 8 | . . . 2 . 6 Damage Taken 2657 | . 265 460 1508 101 323 Core 550 | . 65 76 329 17 63 Absorbed by Shields 88 | . . . . 12 76 Core Remaining (%) 71 | 100 . 43 . . . Volleys Fired 175 | . 44 40 82 9 . Largest 2 | . 2 2 2 2 . Hottest 120 | . 40 60 96 120 . Shots Fired 324 | . 88 80 136 19 1 Gun 318 | . 88 80 136 14 . Cannon 5 | . . . . 5 . Launcher 1 | . . . . . 1 Special . | . . . . . . Kinetic 219 | . 88 71 56 4 . Thermal 88 | . . 9 70 9 . Explosive 1 | . . . . . 1 Electromagnetic 16 | . . . 10 6 . Robot Hit Streak 12 | . 9 12 12 4 . Robot Miss Streak 4 | . 3 4 4 3 1 Penetration Max . | . . . . . . Secondary Targets 11 | . 1 2 8 . . Max Gunslinging Chain 1 | . 1 1 1 . . Shots Hit Robots 230 | . 49 51 120 10 . Core Hits 89 | . 15 20 48 5 1 Critical Kills . | . . . . . . Critical Parts Destroyed 1 | . 1 . . . . Critical Strikes 7 | . 1 . 6 . . Burn 2 | . . . 2 . . Destroy 1 | . 1 . . . . Sever 4 | . . . 4 . . Melee Attacks 36 | . . . 36 . . Impact . | . . . . . . Slashing 36 | . . . 36 . . Piercing . | . . . . . . Sneak Attacks 10 | . . . 10 . . Combat Hostiles . | . . . . . . Follow-up Attacks . | . . . . . . Damage Inflicted 4370 | . 585 551 3058 173 3 Guns 2281 | . 576 540 1074 91 . Cannons 81 | . . . . 81 . Explosions 545 | . . . 542 . 3 Melee 1440 | . . . 1440 . . Ramming 23 | . 9 11 2 1 . Kinetic 1403 | . 576 478 317 32 . Thermal 1191 | . . 62 1014 115 . Explosive 104 | . . . 101 . 3 Electromagnetic 209 | . . . 184 25 . Impact . | . . . . . . Slashing 1440 | . . . 1440 . . Piercing . | . . . . . . Highest Corruption 2 | . . . 2 2 2 Average Corruption 2 | . . . 2 2 2 Corruption Purged . | . . . . . . Corruption Blocked . | . . . . . . Effects 17 | . . . 7 9 1 Message Errors 4 | . . . 2 2 . Matter Fused 3 | . . . 2 1 . Heat Flow Errors 4 | . . . 2 2 . Energy Discharges 2 | . . . 1 1 . Data Loss (minor) 2 | . . . . 2 . Misfires 2 | . . . . 1 1 Overload Shots . | . . . . . . Overflow Damage 307 | . . . 307 . . Projectiles . | . . . . . . Explosions 140 | . . . 140 . . Melee 167 | . . . 167 . . Knockbacks . | . . . . . . Impact . | . . . . . . Kinetic . | . . . . . . Secondary . | . . . . . . Self-Inflicted Damage 192 | . 4 5 163 . 20 Shots 3 | . . . 2 . 1 Rammed 5 | . 3 2 . . . Targets Rammed 7 | . 3 2 1 1 . Kicked 2 | . . . 1 1 . Crushed . | . . . . . . Highest Temperature 394 | . 6 157 394 331 3 Average Temperature 97 | . 3 61 109 116 3 Received Heat Transfer 663 | . 84 234 309 16 20 Effects 2 | . . . . 2 . Interference 2 | . . . . 2 . Siege Activations . | . . . . . . Martial Activations . | . . . . . . Shielding Activations . | . . . . . . Robots Disrupted . | . . . . . . Combat Hostiles . | . . . . . . Robots Corrupted . | . . . . . . Combat Hostiles . | . . . . . . Parts Fried . | . . . . . . Impact Corruptions . | . . . . . . Robots Melted 1 | . . . 1 . . Combat Hostiles 1 | . . . 1 . . Parts Melted 4 | . . . 4 . . Heat Transferred 2172 | . . 150 1837 185 . Parts Sabotaged . | . . . . . . Parts Stolen . | . . . . . . Parts Stripped . | . . . . . . Power Chain Reactions 1 | . . . 1 . . Alert | -11 -10 -10 -9 -9 -9 ------- Run | Yrd Mat Min Mat Min Exi Maximum Alert Level 1 | . . . 1 . . Low Security (%) 84 | 100 100 100 55 100 . Level 1 15 | . . . 44 . . Level 2 . | . . . . . . Level 3 . | . . . . . . Level 4 . | . . . . . . Level 5 . | . . . . . . High Security . | . . . . . . Max Security . | . . . . . . Peak Influence 292 | . 123 110 292 125 . Initial 75 | . . . . 75 . Average 71 | . 28 24 154 37 . Influence Increases 1466 | . 284 240 840 102 . Destroy 0b10 Robot/C 960 | . 180 180 520 80 . Destroy 0b10 Robot/NC 65 | . 10 5 50 . . Destroy Leader 234 | . 54 40 120 20 . Successful Hack 25 | . 25 . . . . Disable Machine 45 | . . . 45 . . Destroy Structure 62 | . . . 60 2 . Lose Combat Pursuer 75 | . 15 15 45 . . Influence Decreases 1466 | . 284 239 648 295 . Entered New Map 119 | . . . 1 118 . Time Decay 1197 | . 274 239 507 177 . Lost Part 150 | . 10 . 140 . . Squads Dispatched 8 | . 3 . 4 1 . Investigation 6 | . 3 . 2 1 . Extermination . | . . . . . . Reinforcement 2 | . . . 2 . . Assault . | . . . . . . Garrison . | . . . . . . Intercept . | . . . . . . Searches Triggered . | . . . . . . Construction Impeded 1 | . . . 1 . . Haulers Reinforced . | . . . . . . Active Scanning Responses . | . . . . . . Cargo Convoy Interrupts . | . . . . . . Stealth | -11 -10 -10 -9 -9 -9 --------- Run | Yrd Mat Min Mat Min Exi Distress Signals 5 | . 1 . 4 . . Communications Jammed . | . . . . . . Distress Signals . | . . . . . . Times Spotted 81 | . 12 10 46 5 8 Peak Tracking Total 10 | . 3 3 4 3 10 Tactical Retreats 5 | . 1 1 3 . . Traps | -11 -10 -10 -9 -9 -9 ------- Run | Yrd Mat Min Mat Min Exi Traps Triggered 1 | . . . 1 . . Indirectly . | . . . . . . Trap Hack Attempts . | . . . . . . Triggered . | . . . . . . Disarmed . | . . . . . . Reprogrammed . | . . . . . . Reused . | . . . . . . Traps Extracted . | . . . . . . Installed . | . . . . . . Triggered . | . . . . . . Machines | -11 -10 -10 -9 -9 -9 ---------- Run | Yrd Mat Min Mat Min Exi Machines Disabled 4 | . . . 3 . 1 Max in Single Turn 1 | . . . 1 . 1 Machines Repaired . | . . . . . . Machines Dismantled . | . . . . . . Machines Sabotaged . | . . . . . . Overloaded Fab Kills . | . . . . . . Hacking | -11 -10 -10 -9 -9 -9 --------- Run | Yrd Mat Min Mat Min Exi Machines Accessed 12 | . 8 . 3 1 . Terminals 10 | . 7 . 3 . . Fabricators . | . . . . . . Repair Stations . | . . . . . . Recycling Units 1 | . 1 . . . . Scanalyzers . | . . . . . . Garrison Access . | . . . . . . Total Hacks 31 | . 20 . 10 1 . Successful 12 | . 7 . 4 1 . Failed 19 | . 13 . 6 . . Catastrophic 5 | . 3 . 2 . . Database Lockouts . | . . . . . . Manual 11 | . 9 . 2 . . Terminals 27 | . 17 . 10 . . Fabricators . | . . . . . . Repair Stations . | . . . . . . Recycling Units 3 | . 3 . . . . Scanalyzers . | . . . . . . Garrison Access . | . . . . . . Terminal Hacks 10 | . 5 . 4 1 . Record 1 | . 1 . . . . Prototype ID Bank 2 | . 2 . . . . Open Door 1 | . . . . 1 . Branch Access Points 1 | . . . 1 . . Dispatch Records 2 | . . . 2 . . Hauler Manifests 1 | . 1 . . . . Registered Prototypes 1 | . 1 . . . . Zone Layout 1 | . . . 1 . . Fabricator Hacks . | . . . . . . Repair Station Hacks . | . . . . . . Recycling Unit Hacks 2 | . 2 . . . . Report Inventory 1 | . 1 . . . . Retrieve Components 1 | . 1 . . . . Scanalyzer . | . . . . . . Garrison Access Hacks . | . . . . . . Unauthorized Hacks . | . . . . . . Terminals . | . . . . . . Fabricators . | . . . . . . Repair Stations . | . . . . . . Recycling Units . | . . . . . . Scanalyzers . | . . . . . . Garrison Access . | . . . . . . Data Cores Recovered . | . . . . . . Used . | . . . . . . Hacking Detections 11 | . 8 . 3 . . Full Trace Events 4 | . 2 . 2 . . Feedback Events . | . . . . . . Feedback Blocked . | . . . . . . Robot Schematics Acquired . | . . . . . . Robots Built . | . . . . . . Authchips . | . . . . . . Time . | . . . . . . Total Robot Build Rating . | . . . . . . Part Schematics Acquired . | . . . . . . Parts Built . | . . . . . . Authchips . | . . . . . . Time . | . . . . . . Total Part Build Rating . | . . . . . . Parts Repaired . | . . . . . . Time . | . . . . . . Parts Recycled . | . . . . . . Recycled Matter . | . . . . . . Retrieved Matter . | . . . . . . Retrieved Components 2 | . 2 . . . . Parts Scanalyzed . | . . . . . . Part Schematics Acquired . | . . . . . . Parts Damaged . | . . . . . . Bothacking | -11 -10 -10 -9 -9 -9 ------------ Run | Yrd Mat Min Mat Min Exi Used RIF Installer . | . . . . . . Robots Hacked . | . . . . . . Non-combat . | . . . . . . Combat . | . . . . . . Robot Hacks Applied . | . . . . . . Relay Couplers Released . | . . . . . . Fabnet Peak Effective % . | . . . . . . Robots Rewired . | . . . . . . Allies Hacked . | . . . . . . Hacks Repelled . | . . . . . . Allies | -11 -10 -10 -9 -9 -9 -------- Run | Yrd Mat Min Mat Min Exi Total Allies . | . . . . . . Largest Group . | . . . . . . Highest-Rated Group . | . . . . . . Highest-Rated Ally . | . . . . . . Total Orders . | . . . . . . Ally Attacks . | . . . . . . Total Damage . | . . . . . . Kills . | . . . . . . Allies Corrupted . | . . . . . . Allies Melted . | . . . . . . Intel | -11 -10 -10 -9 -9 -9 ------- Run | Yrd Mat Min Mat Min Exi Active Infowar (turns) 2000 | . 290 . 1588 122 . Optics 1142 | . . . 1020 122 . Terrain 1139 | . . . 1139 . . Seismic 708 | . 290 . 418 . . Robot Analysis Total . | . . . . . . Derelict Logs Recovered 2 | . . 1 . 1 . Drone Launches . | . . . . . . Drone Recoveries . | . . . . . . Exploration | -11 -10 -10 -9 -9 -9 ------------- Run | Yrd Mat Min Mat Min Exi Turns Passed 4982 | 508 1164 866 1761 565 118 Spaces Moved 3025 | 127 982 782 833 238 63 Core 135 | 5 . . 130 . . Treads 53 | . . . . 53 . Legs 414 | . . . 173 178 63 Wheels 2416 | 122 982 782 530 . . Hover . | . . . . . . Flight 7 | . . . . 7 . Fastest Speed 50 | 50 95 85 80 195 125 Average Speed 122 | 98 99 93 148 213 188 Slowest Speed 500 | 100 100 105 500 320 195 Overloaded Moves . | . . . . . . Propulsion Burnouts . | . . . . . . Robots Hopped . | . . . . . . Potential Cave-ins . | . . . . . . Cave-ins Triggered . | . . . . . . Exploration Rate (%) 52 | 8 97 99 58 40 12 Regions Visited 5 Branch Regions 3 Pre-discovered Areas 1 | . . 1 . . . Known Exits Taken 4 | . 1 1 1 1 . Unknown Exits Taken 1 | 1 . . . . . Scrap Searched 1 | . . 1 . . . Spaces Dug . | . . . . . . Terrain Destroyed 76 | . . . 65 2 9 Melee . | . . . . . . Projectile 2 | . . . . 2 . AOE 74 | . . . 65 . 9 Terrain Rammed . | . . . . . . Walls Destroyed . | . . . . . . Machines Disabled . | . . . . . . Actions | -11 -10 -10 -9 -9 -9 --------- Run | Yrd Mat Min Mat Min Exi Total 3954 | 507 1087 843 1175 279 63 Wait 593 | 369 30 15 175 4 . Move 3020 | 126 981 781 832 237 63 Hop . | . . . . . . Pick Up 31 | 6 9 1 11 4 . Fast Attach 29 | 6 3 1 12 7 . Attach 12 | . 1 1 9 1 . Detach 7 | . 1 . 1 5 . Swap 15 | . 5 . 7 3 . Drop 27 | . 10 . 9 8 . Fire 175 | . 44 40 82 9 . Melee 36 | . . . 36 . . Ram 5 | . 3 2 . . . Kick 2 | . . . 1 1 . Crush . | . . . . . . Escape Stasis . | . . . . . . Rewire 2 | . . 2 . . . Trap . | . . . . . . Miscellaneous . | . . . . . . Route ------- -11/Scrapyard -10/Materials (discovered 4 exits: *Mat x3 / *Min) -10/Mines (discovered 2 exits: *Mat x2) -9/Materials (discovered 3 exits: *Mat / *Min x2) -9/Mines -9/Exiles History --------- Turn | Location | Event 2 | -11/Scrapyard | Met Revision 17 23 | -11/Scrapyard | Discovered new exit (range 15) 509 | -11/Scrapyard | Entered Materials 510 | -10/Materials | Build established: Mutant 510 | -10/Materials | Met a group of wandering Federalists 636 | -10/Materials | Discovered new exit (range 8) 859 | -10/Materials | Discovered new exit (range 5) 866 | -10/Materials | Identified exit to Materials 1044 | -10/Materials | Discovered exit to Materials (range 10) 1536 | -10/Materials | Discovered exit to Materials (range 3) 1672 | -10/Materials | Identified exit to Mines 1673 | -10/Materials | Entered Mines 1756 | -10/Mines | Learned location of Zion (-6) 2098 | -10/Mines | Core integrity fell below 50% 2389 | -10/Mines | Discovered exit to Materials (range 10) 2405 | -10/Mines | Discovered exit to Materials (range 10) 2539 | -10/Mines | Entered Materials 2539 | -9/Materials | Evolved 2 slots: Utility x2 2754 | -9/Materials | Identified exit to Mines 2916 | -9/Materials | Lost 6 parts (1n1u4w) 3413 | -9/Materials | Build established: Scavenger-Mutant 3621 | -9/Materials | Discovered new exit (range 14) 3648 | -9/Materials | Identified exit to Materials 3704 | -9/Materials | Core integrity fell below 50% 3755 | -9/Materials | Core integrity fell below 20% 3761 | -9/Materials | Lost 3 parts (2n1w) 4013 | -9/Materials | Build established: Mutant 4300 | -9/Materials | Entered Mines 4410 | -9/Mines | Met a Derelict shopkeep closing up shop 4643 | -9/Mines | Assembled infested the area 4851 | -9/Mines | Deemed a non-threat by the Exiles lab entrance 4853 | -9/Mines | Discovered new exit (range 5) 4861 | -9/Mines | Identified exit to Exiles 4865 | -9/Mines | Entered Exiles 4934 | -9/Exiles | Met 8R-AWN 4964 | -9/Exiles | Attacked by the Exiles 4983 | -9/Exiles | Destroyed by Light Fission Core chain reaction Last Messages --------------- Critical hit (Destroy). HV Slug penetrates Wall. Penetrated by HV Slug. Critical hit (Destroy). HV Slug penetrates Wall. Penetrated by HV Slug. HV Slug penetrates Wall. Machine disabled. Penetrated by HV Slug. HV Slug penetrates Wall. HV Slug penetrates Earth. Penetrated by HV Slug. HV Slug penetrates Machine. Imp. Shield Generator destroyed. HV Slug penetrates Wall. Penetrated by HV Slug. HV Slug penetrates Earth. HV Slug penetrates Wall. Med. Armor Plating destroyed. Rigged Lgt. Fission Core explodes. Map ----- +----------------------------------------------------+ | ?????????????????????????????????????????????????? | | ?????????????????????????????????????????????????? | | ?????????????????????????????????????????????????? | | ?????????????????????????????????????????????????? | | ?????????????????????????????????????????????????? | | ?????????????????????????????????????????????????? | | ?????????????????????????????????????????????????? | | ?????????????????????????????????????????????????? | | ?????????????????????????????????????????????????? | | ?????????????????????????????????????????????????? | | ?????????????????????????????????????????????????? | | ?????????????????????????????????????????????????? | | ????????????????????????????????????? ??????????? | | ????????????????????????????????????? ?????????? | | ????????????????????????????????????? ????????? | | ????????????????????????????????????# #????????? | | ??????????????????????????????????## ##???????? | | ???????????????###????????????????# #???????? | | ?????????????### ##???????????????# #???????? | | ????????????## " ##?????????????## ????????? | | ???????????## #????????????## #?????????? | | ???????????# ##???????????# #?????????? | | ??????????## #"#????????### #??????????? | | ??????????# ########## #??????????? | | ?????????## aa#""""## #???????????? | | ?????????# a aa @ * ##??????????? | | ?? # a a #??????????? | | ##;# ##?????????? | | " ##;" "#;## ###???????? | | # ################ * ###?????? | | ?####???????????????##### ##????? | | ?????????????????????????### #????? | | ????????????????????????????### #????? | | ? "???????????????????????????????### #????? | | ? ?????????????????????????????????#" ##???? | | ?????????????????????????????????????#### ###?? | | ????????????????????????????????????????# ##? | | ????????????????????????????????????????## ## | | ?????????????????????????????????????????### | | ???????????????????????????????????????????# # | | ???????????????????????????????????????????## ## | | ????????????????????????????????????????????#####? | | ?????????????????????????????????????????????????? | | ?????????????????????????????????????????????????? | | ?????????????????????????????????????????????????? | | ?????????????????????????????????????????????????? | | ?????????????????????????????????????????????????? | | ?????????????????????????????????????????????????? | | ?????????????????????????????????????????????????? | | ?????????????????????????????????????????????????? | +----------------------------------------------------+ Best States ------------- Heat Dissipation 28 Energy Generation 14 Energy Capacity 280 Matter Stores 300 Matter Capacity 300 Sight Range 18 Terrain Scan Range 14 Terrain Scan Density 10 Armor Coverage 225 Evasion (%) 55 Recoil Reduction 1 Item Schematics ----------------- None Robot Schematics ------------------ None Fabricated ------------ Nothing Repaired ---------- Nothing Alien Tech Used ----------------- None Achievements -------------- None Challenges ------------ None Game ------ Seed LobotomyPlatingPick Manual? 0 Play Time 00:41:48 Cumulative 14.5 hours Start 2025.05.25 @ 23:36:25 End 2025.05.26 @ 00:29:15 Sessions 1 Manual Loads 0 Difficulty Rogue Special Mode None Game No. 14 Rogue 14 Adventurer 0 Explorer 0 Win Type - Total 0 Types 0/0/0/0/0/0/0/0/0/0 Lore% 10 Gallery% 19 Achievement% 19 Wizard Run 0 Options --------- Layout 1 ASCII 0 Keyboard 1 Movement Arrows Keybinds 0 Fullscreen 1 Font 24/Smallcaps Map View 50x35 Zoom Use 0% Tactical HUD 0 Map Filters NONE Filters NONE Steam 1 RUN: 1a5a34f9-3f1b-44a9-a0b0-42623651ecd4